 Dungeon Crawl Stone Soup version 0.31-a0-219-g8d62b2e7bb (webtiles) character file.

Game seed: 7755543391134513277

16942 Arzdou the Covert (level 12, -10/60 HPs)
             Began as a Spriggan Enchanter on July 3, 2023.
             Was an Elder of Wu Jian.
             Mangled by sastreii's ghost (22 damage)
             ... on level 1 of the Lair of Beasts.
             The game lasted 00:35:27 (13447 turns).

Arzdou the Covert (Spriggan Enchanter)             Turns: 13447, Time: 00:35:28

Health: -10/60     AC:  4    Str:  4    XL:     12   Next: 14%
Magic:  26/26      EV: 40    Int: 19    God:    Wu Jian [****..]
Gold:   694        SH:  0    Dex: 18    Spells: 21/29 levels left

rFire   . . .        n - +5 dagger (elec)
rCold   . . .        (no shield)
rNeg    + . .        b - +0 robe
rPois   .            (helmet restricted)
rElec   .            p - +1 cloak
rCorr   .            (gloves unavailable)
SInv    +            (boots unavailable)
Will    +++..        s - amulet of the acrobat
Stlth   +++          h - ring of positive energy
HPRegen 0.30/turn    i - ring of willpower
MPRegen 0.20/turn

%: acrobat
@: acrobatic, slow
A: very small, no large weapons, unfitting armour, see invisible, speed 3
a: Renounce Religion, Wall Jump, Serpent's Lash


You were on level 1 of the Lair of Beasts.
You worshipped Wu Jian.
Wu Jian was greatly pleased with you.
You visited 3 branches of the dungeon, and saw 13 of its levels.
You also visited: Ossuary and Bailey.

You collected 808 gold pieces.
You spent 114 gold pieces at shops.

Inventory:

Hand Weapons
 a - a +1 dagger
 n - a +5 dagger of electrocution (weapon)
Missiles
 j - 6 throwing nets
Armour
 b - a +0 robe (worn)
 p - a +1 cloak (worn)
 B - a +0 buckler of reflection
Jewellery
 h - a ring of positive energy (left hand)
 i - a ring of willpower (right hand)
 s - an amulet of the acrobat (around neck)
 y - a ring of protection from fire
 D - the amulet of the Delightful God {RegenMP rElec rN+ Will-}
   (You found it on level 6 of the Dungeon)

   [amulet of magic regeneration]

   It increases your rate of magic regeneration.
   rElec:     It insulates you from electricity.
   rN:        It protects you from negative energy.
   Will:      It decreases your willpower.
 S - a +5 ring of evasion
Wands
 C - a wand of flame (30)
 H - a wand of mindburst (18)
 Q - a wand of charming (16)
 R - a wand of digging (4)
Scrolls
 d - 9 scrolls of enchant weapon
 e - 2 scrolls of fear
 k - 4 scrolls of teleportation
 o - 3 scrolls of brand weapon
 r - 2 scrolls of amnesia
 u - 5 scrolls of enchant armour
 w - 2 scrolls of revelation
 z - 2 scrolls of vulnerability
 E - 2 scrolls of blinking
 O - 2 scrolls of immolation
 P - a scroll of fog {unknown}
Potions
 c - 5 potions of invisibility
 f - 4 potions of lignification
 g - 4 potions of ambrosia
 l - 5 potions of curing
 m - a potion of resistance
 v - 2 potions of attraction {unknown}
 x - 7 potions of heal wounds
 I - a potion of magic {unknown}
 J - 4 potions of might
 K - 3 potions of mutation
 L - a potion of haste {unknown}


   Skills:
 - Level 5.0 Fighting
 + Level 9.3 Short Blades
 + Level 11.3 Dodging
 + Level 13.6 Stealth
 + Level 2.7 Shields
 - Level 9.4 Spellcasting
 - Level 11.0 Hexes
 - Level 2.0 Ice Magic


You had 21 spell levels left.
You knew the following spells:

 Your Spells              Type           Power      Damage    Failure   Level
a - Ensorcelled Hibernat  Hex/Ice        66%        N/A       1%          2
b - Confusing Touch       Hex            50%        N/A       1%          3
c - Tukima's Dance        Hex            50%        N/A       1%          3

Your spell library contained the following spells:

 Spells                   Type           Power      Damage    Failure   Level
 Dazzling Flash           Conj/Hex       60%        N/A       2%          3
 Inner Flame              Hex/Fire       30%        N/A       2%          3
 Apportation              Tloc           16%        N/A       8%          1
 Magic Dart               Conj           32%        1d4       8%          1
 Necrotise                Necr           32%        1d5       8%          1
 Sandblast                Erth           16%        2d6       8%          1
 Summon Small Mammal      Summ           32%        N/A       8%          1
 Fulminant Prism          Conj/Hex       15%        3d10      9%          4
 Passwall                 Tmut/Erth      6%         N/A       12%         2
 Scorch                   Fire           16%        2d5       12%         2
 Searing Ray              Conj           16%        2d5       12%         2
 Silence                  Hex/Air        15%        N/A       22%         5
 Stone Arrow              Conj/Erth      16%        3d8       24%         3
 Animate Dead             Necr           8%         N/A       61%         4
 Flame Wave               Conj/Fire      8%         2d5       61%         4
 Passage of Golubria      Tloc           8%         N/A       61%         4
 Sticky Flame             Conj/Fire      8%         2d3       61%         4
 Blade Hands              Tmut           4%         N/A       91%         5
 Borgnjor's Vile Clutch   Necr/Erth      4%         N/A       91%         5
 Irradiate                Conj/Tmut      4%         3d13      91%         5
 Death Channel            Necr           4%         N/A       100%        6
 Summon Cactus Giant      Summ           4%         N/A       100%        6
 Dragon Form              Tmut           4%         N/A       100%        7
 Lehudib's Crystal Spear  Conj/Erth      4%         10d3      100%        8


Dungeon Overview and Level Annotations

Branches:
Dungeon (11/15)            Temple (1/1) D:5            Lair (1/5) D:11
    Orc (0/2) D:10        Ossuary (visited)          Bailey (visited)

Altars:
Ashenzari
Cheibriados
Dithmenos
Elyvilon
Hepliaklqana
Kikubaaqudgha
Makhleb
Nemelex Xobeh
Okawaru
Qazlal
Ru
Trog
Uskayaw
Vehumet
Wu Jian
Xom
Zin
The Shining One

Shops:
D:2 !   D:8 **

Portals:
Abyss: D:6

Annotations:
D:6 2 transporters
D:9 1 runed translucent door, Sparcealot's ghost, novice NaSu
Lair:1 sastreii's ghost, journeyman NaAr


Innate Abilities, Weirdness & Mutations

You are very small and have problems with some larger weapons.
You are too small for most types of armour.
You have supernaturally acute eyesight. (SInv)
You cover ground extremely quickly. (Speed+++)


Message History

You puncture the rime drake!
The rime drake is severely wounded.
The rime drake breathes ice at you. The icy flash freeze hits you!!
You are encased in ice.
You barely miss the rime drake.
The rime drake is severely wounded.
You puncture the rime drake!
Lightning courses through the rime drake!
You kill the rime drake!
The Council accepts your kill.
No target in view!
The ice encasing you melts away.
HP restored.
Found a runed translucent door.
Found 17 gold pieces.
Found 14 gold pieces, a potion of mutation and a runed scarf.
You open the door.
There is an open translucent door here.
You enter the shallow water.
Moving in this stuff is going to be slow.
Sastreii's ghost turns its malevolent gaze towards you.
Sastreii's ghost makes a sound of rattling chains.
You hit sastreii's ghost but do no damage.
Sastreii's ghost hits you but does no damage.
Your unstable footing causes you to fumble your attack.
You hit sastreii's ghost but do no damage.
Sastreii's ghost hits you!
You hit sastreii's ghost but do no damage.
Lightning courses through sastreii's ghost!
Sastreii's ghost is lightly damaged.
You hit sastreii's ghost but do no damage.
Sastreii's ghost is lightly damaged.
Sastreii's ghost hits you!
Your unstable footing causes you to fumble your attack.
Sastreii's ghost hits you!!
* * * LOW HITPOINT WARNING * * *
Sastreii's ghost attacks as you move away!
Sastreii's ghost hits you!!
You die...

###.^.........#......####
#...........###...### ######
##...........# ##...# ##....##
#.)..........# #.#..####......#
#...........#######.#..........
###...........#![$#
#............
..............#$~.#
##...........
.##.#.........#.W.#
#...........
#######.......#.@.#
#........... ..###
##......#.~.# ##..........
..#.######..####'## #..........
....#.# #..##....# ##.........
.....#####........# ##........
......#.##..#....## #........
........##..###.## ##......#
.......###..# ### ##....##
.......# #..# ##^.##


You could see sastreii's ghost.

Vanquished Creatures
  Harold (Lair:1)
  2 two-headed ogres (D:9)
  A boulder beetle (D:11)
  Nergalle (D:11)
  3 orc knights (Bailey)
  Maggie (D:8)
  2 cane toads (Lair:1)
  A rime drake (Lair:1)
  3 komodo dragons
  2 polar bears (D:9)
  2 trolls
  Grinder (D:6)
  A wraith (D:10)
  3 shadows
  A vampire (D:11)
  A wyvern (D:11)
  9 yaks
  A basilisk (Lair:1)
  A steam dragon (D:8)
  4 vampire mosquitoes (D:8)
  Menkaure (D:7)
  3 wargs (D:11)
  3 water moccasins (Lair:1)
  An ice beast (D:5)
  3 sky beasts
  A black bear (D:5)
  7 orc warriors
  An ogre (D:7)
  11 centaurs
  2 kobold brigands (D:7)
  3 elf zombies (Ossuary)
  5 bullfrogs
  3 gnoll sergeants
  3 scorpions
  2 electric eels
  A howler monkey (D:9)
  2 centaur zombies (Ossuary)
  A lava snake (D:8)
  6 hounds
  An orc priest (D:7)
  3 jellies
  2 sleepcaps
  2 gnoll boudas (D:7)
  Jessica (D:3)
  2 iguanas (D:6)
  7 orc wizards
  2 mummies (Ossuary)
  5 adders
  18 gnolls
  A shadow imp (D:5)
  A white imp (D:5)
  2 ufetubi (D:5)
  An adder zombie (Ossuary)
  A worm (D:5)
  3 dart slugs
  25 orcs
  4 ball pythons
  A bat zombie (D:6)
  6 endoplasms
  2 giant cockroaches
  9 hobgoblins
  6 jackals
  7 kobolds
  2 quokkas
  2 bats
  3 frilled lizards (D:1)
  11 goblins
  13 hobgoblin zombies (Ossuary)
  4 jackal zombies (Ossuary)
  8 kobold zombies (Ossuary)
  5 orc zombies (Ossuary)
  3 rats
  4 rat zombies
267 creatures vanquished.

Vanquished Creatures (collateral kills)
  2 two-headed ogres
  An orc knight (Bailey)
  2 orc warriors (Bailey)
  An orc priest (D:11)
  12 orcs (Bailey)
18 creatures vanquished.

Vanquished Creatures (others)
  5 dancing weapons
5 creatures vanquished.

Grand Total: 290 creatures vanquished

Notes
Turn   | Place    | Note
-------+----------+-------------------------------------------
     0 | D:1      | Arzdou the Spriggan Enchanter began the quest for the Orb.
     0 | D:1      | Reached XP level 1. HP: 9/9 MP: 5/5
   360 | D:1      | Reached XP level 2. HP: 10/13 MP: 6/6
   461 | D:1      | Learned a level 2 spell: Ensorcelled Hibernation
  1175 | D:2      | Reached XP level 3. HP: 16/16 MP: 6/8
  1595 | D:2      | Noticed a scorpion
  1603 | D:2      | Killed a scorpion
  1604 | D:2      | Reached skill level 5 in Stealth
  1604 | D:2      | Reached XP level 4. HP: 21/21 MP: 7/10
  1646 | D:2      | Found Doschaymi's Distillery.
  1664 | D:2      | Learned a level 3 spell: Confusing Touch
  1668 | D:2      | Learned a level 3 spell: Tukima's Dance
  1674 | D:2      | Bought a potion of curing for 39 gold pieces
  2073 | D:3      | Noticed Jessica
  2074 | D:3      | Killed Jessica
  2075 | D:3      | Reached skill level 5 in Hexes
  2075 | D:3      | Reached XP level 5. HP: 24/24 MP: 11/11
  2086 | D:3      | Identified the +3 mace "Nyhei" {vamp, Str+4}
  2106 | D:3      | Identified the +3 dagger "Kigg" {speed, rCorr Int+2 Stlth+}
  2420 | D:3      | Found a sparkling altar of Nemelex Xobeh.
  2647 | D:3      | Found a glowing golden altar of the Shining One.
  2829 | D:4      | Found a sand-covered staircase.
  2846 | Ossuary  | Entered an ossuary
  3058 | Ossuary  | Reached XP level 6. HP: 28/28 MP: 12/12
  3149 | Ossuary  | Reached skill level 6 in Stealth
  3369 | Ossuary  | Identified the +1 trident of Ravage {freeze, rPois Str+2
                  | Int+4 Dex-2}
  3401 | D:4      | Found a broken altar of Ashenzari.
  3435 | D:4      | Reached XP level 7. HP: 32/32 MP: 14/14
  3442 | D:4      | Found a radiant altar of Vehumet.
  4412 | D:5      | Entered Level 5 of the Dungeon
  4412 | D:5      | Found a staircase to the Ecumenical Temple.
  4426 | Temple   | Entered the Ecumenical Temple
  4464 | Temple   | Became a worshipper of the Wu Jian Council
  4511 | D:5      | Reached skill level 5 in Dodging
  4753 | D:5      | Reached skill level 1 in Ice Magic
  4883 | D:6      | Reached skill level 7 in Stealth
  4970 | D:6      | Reached skill level 5 in Spellcasting
  4970 | D:6      | Reached XP level 8. HP: 36/36 MP: 16/16
  4975 | D:6      | Reached * piety under Wu Jian
  5034 | D:6      | Identified the amulet of the Delightful God {RegenMP rElec
                  | rN+ Will-}
  5046 | D:6      | Found a transporter.
  5047 | D:6      | Noticed a cyan ugly thing
  5104 | D:6      | Noticed Grinder
  5106 | D:6      | Killed Grinder
  5113 | D:6      | Found a shimmering altar of Xom.
  5341 | D:6      | Noticed a raiju
  5496 | D:6      | Found an ancient bone altar of Kikubaaqudgha.
  5575 | D:6      | Found a transporter.
  5676 | D:6      | Found a one-way gate to the infinite horrors of the Abyss.
  5690 | D:7      | Found a flagged portal.
  5742 | Bailey   | Entered a bailey
  5908 | Bailey   | Reached skill level 8 in Stealth
  5910 | Bailey   | Reached ** piety under Wu Jian
  5911 | Bailey   | Reached skill level 1 in Fighting
  5916 | Bailey   | Reached skill level 5 in Short Blades
  6062 | Bailey   | Noticed an orc knight
  6082 | Bailey   | Noticed an orc knight
  6241 | Bailey   | Killed an orc knight
  6242 | Bailey   | Reached XP level 9. HP: 42/42 MP: 3/19
  6432 | Bailey   | Killed an orc knight
  6433 | Bailey   | Reached skill level 9 in Stealth
  6437 | Bailey   | Noticed an orc knight
  6458 | Bailey   | Killed an orc knight
  6585 | Bailey   | Noticed an orc knight
  6599 | Bailey   | Killed an orc knight
  6600 | Bailey   | Reached XP level 10. HP: 49/49 MP: 4/21
  6747 | D:7      | Reached skill level 10 in Stealth
  7235 | D:7      | Found a shadowy altar of Dithmenos.
  7440 | D:7      | Found a burning altar of Makhleb.
  7550 | D:7      | Noticed Menkaure
  7558 | D:7      | Killed Menkaure
  7731 | D:7      | Found an iron altar of Okawaru.
  7866 | D:8      | Noticed Maggie
  7874 | D:8      | Killed Maggie
  7907 | D:8      | Reached *** piety under Wu Jian
  7938 | D:8      | Found Kirrimiu's Assorted Antiques.
  7970 | D:8      | Bought a scroll labelled MUMATUPN BYKHLA for 25 gold pieces
  7970 | D:8      | Bought a scroll of identify for 50 gold pieces
  8163 | D:8      | Found Zidduih's Demolitions Depot.
  8247 | D:8      | Found a hide-covered altar of Uskayaw.
  8322 | D:8      | Noticed a two-headed ogre
  8350 | D:8      | Killed a two-headed ogre
  8351 | D:8      | Reached skill level 11 in Stealth
  8662 | D:8      | Reached skill level 10 in Hexes
  9121 | D:9      | Found a runed translucent door.
  9121 | D:9      | Noticed Sparcealot's ghost (novice NaSu)
  9122 | D:9      | Reached XP level 11. HP: 54/54 MP: 24/24
  9330 | D:9      | Noticed a two-headed ogre
  9364 | D:9      | Killed a two-headed ogre
  9541 | D:9      | Noticed a two-headed ogre
  9547 | D:9      | Killed a two-headed ogre
  9659 | D:9      | Reached skill level 12 in Stealth
  9970 | D:10     | Entered Level 10 of the Dungeon
 10426 | D:9      | Reached **** piety under Wu Jian
 10427 | D:9      | Reached skill level 10 in Dodging
 10808 | D:10     | Found a staircase to the Orcish Mines.
 10871 | D:10     | Found a hazy altar of Hepliaklqana.
 10915 | D:10     | Found a bloodstained altar of Trog.
 11053 | D:10     | Reached skill level 5 in Fighting
 11112 | D:10     | Identified a scroll of acquirement
 11112 | D:10     | Acquired a +0 buckler of reflection
 11346 | D:11     | Noticed Nergalle
 11364 | D:11     | Killed Nergalle
 11507 | D:11     | Reached skill level 1 in Shields
 11652 | D:11     | Noticed a boulder beetle
 11656 | D:11     | Killed a boulder beetle
 11862 | D:11     | Found a staircase to the Lair.
 11865 | D:11     | Noticed a two-headed ogre
 11993 | D:11     | Killed a two-headed ogre
 11994 | D:11     | Reached skill level 13 in Stealth
 12154 | Lair:1   | Entered Level 1 of the Lair of Beasts
 12693 | Lair:1   | Reached XP level 12. HP: 55/60 MP: 17/26
 13156 | Lair:1   | Noticed Harold
 13169 | Lair:1   | Killed Harold
 13427 | Lair:1   | Found a runed translucent door.
 13430 | Lair:1   | Noticed sastreii's ghost (journeyman NaAr)
 13447 | Lair:1   | Mangled by sastreii's ghost

Illustrated notes

Levels and vault maps discovered:
D:1:      lightli_arrival_flooded_house, layout_basic
D:2:      layout_basic, serial_shops, nicolae_shop_rolling_square,
          minmay_cut_off
D:3:      layout_loops_cross, lemuel_doored_altar, lemuel_crystal_altar,
          uniq_jessica
D:4:      layout_basic, amcnicky_altar_gilded, cheibrodos_ashenzari_chains,
          nicolae_ossuary_entry_plus
D:5:      layout_rooms, minmay_temple_entry_stoned_glass,
          amcnicky_mini_corridor_feature
D:6:      layout_basic, tgw_xom, lemuel_zombie_altar_kikubaaqudgha,
          gammafunk_ghost_abyssal_escape, uniq_grinder
D:7:      wad_river_or_something, layout_gridville, kennysheep_little_box,
          grunt_dithmenos_smoke, kennysheep_mini_moat, enter_bailey_3,
          minmay_manual_mail, uniq_menkaure
D:8:      layout_loops_ring, nicolae_uskayaw_suspiria, serial_shops,
          nicolae_square_shop, minivault_23, nicolae_blasting_shop, uniq_maggie
D:9:      layout_irregular_city, hellmonk_ghost_big_iron,
          hangedman_decor_opposing
D:10:     layout_cross, mainiacjoe_overflow_brackets, trog_ov_bears_minmay,
          serial_bayou, serial_bayou_pond_c
D:11:     layout_basic, erik_lair_orcish_takeover, uniq_nergalle
Temple:   nicolae_temple_two_arcs
Lair:1:   layout_cave_pods, ebering_ghost_reflecting_pool, serial_bayou_shore_a,
          lemuel_fruit_fields, grunt_megastairs_4, uniq_harold

Skill      XL: |  1  2  3  4  5  6  7  8  9 10 11 |
---------------+----------------------------------+-----
Dodging        | 3 4 5 7 8 9 11 | 11.3
Hexes          | 4 5 6 7 8 9 10 11 | 11.0
Spellcasting   | 3 4 5 6 7 8 9 |  9.4
Short Blades   | 2 3 4 5 6 7 9 |  9.3
Stealth        | 5 6 7 8 9 11 13 | 13.6
Ice Magic      | 1 2 |  2.0
Fighting       | 1 3 4 5 |  5.0
Shields        | 2 |  2.7

Action                     |  1- 3 |  4- 6 |  7- 9 | 10-12 || total
---------------------------+-------+-------+-------+-------++-------
  Melee: Dagger            |    62 |   173 |   146 |   437 ||   818
         Punch             |     1 |       |     2 |     4 ||     7
   Cast: Ensorcelled Hiber |    12 |    14 |    20 |    77 ||   123
         Confusing Touch   |       |     2 |     3 |     5 ||    10
         Tukima's Dance    |       |       |    28 |    15 ||    43
Ability: Lunge             |       |       |    15 |    49 ||    64
         Whirlwind         |       |       |       |    42 ||    42
  Evoke: Wand              |       |       |       |     1 ||     1
    Use: Scroll            |       |     5 |     6 |     9 ||    20
   Stab: Sleeping          |    12 |    16 |    22 |    53 ||   103
         Confused          |       |     3 |     3 |     6 ||    12
         Distracted        |       |     1 |       |     4 ||     5
 Armour: Robe              |     4 |    29 |     7 |    21 ||    61
  Dodge: Dodged            |    38 |   138 |    94 |   282 ||   552

Table legend: (Time is in decaauts)
 A = Elapsed time spent in this place.
 B = Non-inter-level travel time spent in this place.
 C = Inter-level travel time spent in this place.
 D = Time resting spent in this place.
 E = Time spent auto-exploring this place.
 F = Levels seen in this place.
 G = Mean time per level.
                   A        B        C        D        E       F      G
               +--------+--------+--------+--------+--------+-----+--------+
         Total |   9891 |   9642 |    249 |   1655 |   5924 |  15 |  659.4 |
       Dungeon |   7659 |   7421 |    238 |   1034 |   4987 |  11 |  696.3 |
        Temple |     30 |     20 |     10 |      0 |     15 |   1 |   30.0 |
          Lair |    962 |    962 |      0 |    110 |    687 |   1 |  962.0 |
       Ossuary |    376 |    376 |      0 |     21 |     78 |   1 |  376.0 |
        Bailey |    863 |    863 |      0 |    489 |    155 |   1 |  863.0 |
               +--------+--------+--------+--------+--------+-----+--------+

Top non-repeatable levels by time:
     D:9: 1306 daAuts
  Lair:1: 962 daAuts
     D:7: 927 daAuts
     D:8: 884 daAuts
  Bailey: 863 daAuts
     D:1: 764 daAuts
     D:2: 671 daAuts
     D:4: 652 daAuts
    D:11: 592 daAuts
     D:6: 587 daAuts
     D:3: 524 daAuts
    D:10: 478 daAuts
 Ossuary: 376 daAuts
     D:5: 270 daAuts
  Temple: 30 daAuts
